 Dungeon Crawl Stone Soup version 0.25.0-1-g7eea58d2a3 (webtiles) character file.

Game seed: 8632937631659642388

3943 theswoord the Carver (level 10, -10/67 HPs)
             Began as a Demonspawn Gladiator on June 14, 2020.
             Was an Initiate of Wu Jian.
             Mangled by a two-headed ogre
             ... wielding a cursed -2 giant club
              (13 damage)
             ... on level 10 of the Dungeon.
             The game lasted 00:12:18 (8345 turns).

theswoord the Carver (Demonspawn Gladiator)         Turns: 8345, Time: 00:12:18

Health: -10/67     AC: 10    Str: 16    XL:     10   Next: 1%
Magic:  19/19      EV: 11    Int: 13    God:    Wu Jian [......]
Gold:   538        SH:  0    Dex: 18    Spells: 9/9 levels left

rFire    . . .     SeeInvis .   e - +2 falchion "Laomif" {freeze, MP+9 Int+3 Dex+2}
rCold    . . .     Gourm    .   (no shield)
rNeg     . . .     Faith    .   m - +0 scale mail
rPois    .         Spirit   .   c - +0 helmet
rElec    .         Reflect  .   (no cloak)
rCorr    .         Harm     .   (no gloves)
MR       .....                  (no boots)
Stlth    ..........             l - amulet of the acrobat
HPRegen  0.21/turn              (no ring)
MPRegen  0.16/turn              (no ring)

@: mighty
A: hooves 1, slimy green scales 2, powered by pain 3, spiny 1
a: Renounce Religion


You were on level 10 of the Dungeon.
You worshipped Wu Jian.
Wu Jian was noncommittal.
You were not hungry.

You visited 2 branches of the dungeon, and saw 11 of its levels.
You also visited: Ossuary.

You collected 538 gold pieces.

Inventory:

Hand Weapons
 a - a +0 long sword
 e - the +2 falchion "Laomif" (weapon) {freeze, MP+9 Int+3 Dex+2}
   (You found it on level 4 of the Dungeon)

   It has been specially enchanted to freeze those struck by it, causing extra
   injury to most foes and up to half again as much damage against particularly
   susceptible opponents.
   It can also slow down cold-blooded creatures.
   It affects your intelligence (+3).
   It affects your dexterity (+2).
   It affects your magic capacity (+9).
 u - a +4 falchion
Missiles
 d - 3 throwing nets (quivered)
Armour
 b - a +0 leather armour
 c - a +0 helmet (worn)
 m - a +0 scale mail (worn)
Jewellery
 h - an uncursed amulet of the acrobat
 l - an amulet of the acrobat (around neck)
 o - an uncursed ring of ice
Wands
 y - a wand of iceblast (7)
 E - a wand of disintegration (15)
 G - a wand of paralysis (7)
Scrolls
 g - 8 scrolls of identify
 i - a scroll of enchant weapon {unknown}
 j - 2 scrolls of remove curse
 k - 3 scrolls of amnesia
 x - a scroll of fear
 A - 2 scrolls of teleportation
 B - 2 scrolls of magic mapping {unknown}
 F - a scroll of immolation
Potions
 n - a potion of mutation
 p - 4 potions of brilliance
 q - 2 potions of magic
 r - 2 potions of stabbing
 s - a potion of degeneration
 t - a potion of ambrosia
 v - a potion of cancellation
 w - 5 potions of curing {unknown}
 z - a potion of berserk rage {unknown}
 C - a potion of invisibility {unknown}
 D - a potion of heal wounds {unknown}
 I - a potion of lignification
Comestibles
 f - 20 rations
 H - 11 chunks of flesh


   Skills:
 - Level 2.0 Fighting
 + Level 13.1 Long Blades
 - Level 1.7 Throwing
 - Level 2.6 Dodging


You had 9 spell levels left.
You didn't know any spells.
Your spell library contained the following spells:

 Spells                   Type           Power        Failure   Level  Hunger
 Animate Skeleton         Necr           N/A          75%         1    ##.....
 Apportation              Tloc           #.....       75%         1    ##.....
 Beastly Appendage        Tmut           #.....       75%         1    ##.....
 Corona                   Hex            #......      75%         1    ##.....
 Summon Small Mammal      Summ           #...         75%         1    ##.....
 Sticks to Snakes         Tmut           #.......     87%         2    ###....
 Spider Form              Tmut/Pois      #.........   98%         3    ####...
 Ice Form                 Ice/Tmut       #.......     100%        4    #####..
 Blade Hands              Tmut           #.........   100%        5    ######.


Dungeon Overview and Level Annotations

Branches:
Dungeon (10/15)            Temple (1/1) D:4         Ossuary (visited)
   Lair: D:8-11         Orc: D:9-12

Altars:
Ashenzari
Cheibriados
Dithmenos
Elyvilon
Fedhas
Gozag
Hepliaklqana
Kikubaaqudgha
Makhleb
Nemelex Xobeh
Okawaru
Qazlal
Ru
Sif Muna
Trog
Uskayaw
Vehumet
Wu Jian
Xom
Yredelemnul
Zin
The Shining One


Innate Abilities, Weirdness & Mutations

You have large cloven feet.
You are mostly covered in slimy green scales. (AC +3)
You are powered by pain.
You are partially covered in sharp spines.


Message History

An orc comes into view.
The two-headed ogre hits you with a cursed -2 giant club!
* * * LOW HITPOINT WARNING * * *
The two-headed ogre hits you but does no damage.
You hit the two-headed ogre but do no damage.
The two-headed ogre is moderately wounded.
Unknown command.
You slash the two-headed ogre! You freeze the two-headed ogre.
The two-headed ogre is moderately wounded.
The two-headed ogre hits you with a cursed -2 giant club!
* * * LOW HITPOINT WARNING * * *
You focus on the pain.
You feel mightier all of a sudden. The two-headed ogre misses you.
You hit the two-headed ogre. You freeze the two-headed ogre.
The two-headed ogre is heavily wounded.
There is an open door here.
There is a stone staircase leading up here.
The two-headed ogre hits you with a cursed -2 giant club!
You die...

.# .# .# .# .# .#
###### +## #....# #
..##### #....###.#
......#####
#..@Oo.$.#
..........#
#....###....$#
##........# #...(#
#####
#......(.######'####
##'######....##(...#
#.......#....##.##.#
#.......#....#####.#
######..'....(.....#
##>#...(#######


You could see a two-headed ogre and an orc.

Vanquished Creatures
  Pikel (D:4)
  2 wyverns
  An eye of draining (D:9)
  3 black bears
  2 ice beasts
  A necrophage (D:8)
  3 centaurs
  2 ogres
  A big kobold (D:9)
  3 bullfrogs
  3 water moccasin zombies (Ossuary)
  4 scorpions
  4 wights (D:7)
  2 crimson imps
  A centaur zombie (D:9)
  4 hounds
  3 orc priests
  2 jellies
  5 bullfrog skeletons
  An iguana (D:5)
  Ijyb (D:5)
  9 orc wizards
  5 worker ants
  5 big kobold zombies (Ossuary)
  2 hound zombies
  A hound skeleton (D:4)
  2 mummies (Ossuary)
  A worker ant zombie (D:5)
  11 adders
  3 gnolls (D:4)
  A shadow imp (D:8)
  2 oozes
  3 adder zombies (Ossuary)
  An adder skeleton (D:4)
  2 worms (D:4)
  4 dart slugs
  10 leopard geckos
  29 orcs
  9 bats
  7 giant cockroaches
  6 goblins
  5 hobgoblins
  2 jackals (D:7)
  8 kobolds
  7 quokkas
  A ball python (D:1)
  5 frilled lizards
  6 hobgoblin zombies (Ossuary)
  5 kobold zombies (Ossuary)
  A leopard gecko skeleton (D:4)
  3 orc zombies (Ossuary)
  3 quokka skeletons
  8 rats
216 creatures vanquished.

Notes
Turn   | Place    | Note
-------+----------+-------------------------------------------
     0 | D:1      | theswoord the Demonspawn Gladiator began the quest for the
                  | Orb.
     0 | D:1      | Reached XP level 1. HP: 16/16 MP: 1/1
    90 | D:1      | Reached skill level 3 in Long Blades
   209 | D:1      | Gained mutation: You sometimes gain a little power by
                  | taking damage. [demonic ancestry]
   209 | D:1      | Reached XP level 2. HP: 17/22 MP: 2/2
   781 | D:2      | Gained mutation: You are partially covered in sharp spines.
                  | [demonic ancestry]
   781 | D:2      | Reached XP level 3. HP: 27/27 MP: 3/3
   830 | D:2      | Reached skill level 4 in Long Blades
  1438 | D:2      | Gained mutation: You sometimes gain power by taking damage.
                  | [demonic ancestry]
  1438 | D:2      | Reached XP level 4. HP: 31/33 MP: 4/4
  1728 | D:3      | Found a burning altar of Makhleb.
  1886 | D:3      | Reached skill level 5 in Long Blades
  2063 | D:3      | Gained mutation: You are partially covered in slimy green
                  | scales. (AC +2) [demonic ancestry]
  2063 | D:3      | Reached XP level 5. HP: 38/38 MP: 5/5
  2605 | D:4      | Noticed an ogre
  2611 | D:4      | Killed an ogre
  2611 | D:4      | Reached skill level 6 in Long Blades
  2611 | D:4      | Gained mutation: You have large cloven feet. [demonic
                  | ancestry]
  2611 | D:4      | Reached XP level 6. HP: 44/44 MP: 6/6
  2787 | D:4      | Found a staircase to the Ecumenical Temple.
  2846 | D:4      | Got a fine falchion
  2847 | D:4      | Identified the +2 falchion "Laomif" {freeze, MP+9 Int+3
                  | Dex+2} (You found it on level 4 of the Dungeon)
  2955 | D:4      | Reached skill level 7 in Long Blades
  3032 | D:4      | Noticed an ice beast
  3042 | D:4      | Killed an ice beast
  3042 | D:4      | Reached XP level 7. HP: 22/50 MP: 7/7
  3244 | D:4      | Noticed Pikel
  3257 | D:4      | Killed Pikel
  3257 | D:4      | Reached skill level 8 in Long Blades
  3501 | D:5      | Entered Level 5 of the Dungeon
  3519 | D:5      | Reached skill level 9 in Long Blades
  3519 | D:5      | Gained mutation: You are mostly covered in slimy green
                  | scales. (AC +3) [demonic ancestry]
  3519 | D:5      | Reached XP level 8. HP: 38/56 MP: 8/8
  3786 | D:5      | Found a sand-covered staircase.
  3793 | Ossuary  | Entered an ossuary
  3889 | Ossuary  | Reached skill level 10 in Long Blades
  4668 | D:5      | Noticed Ijyb
  4676 | D:5      | Killed Ijyb
  4817 | D:6      | Found a glowing golden altar of the Shining One.
  5294 | D:6      | Found a shimmering blue altar of Sif Muna.
  5294 | D:6      | Found a hide-covered altar of Uskayaw.
  5297 | D:6      | Found a blossoming altar of Fedhas.
  5314 | D:6      | Found a white marble altar of Elyvilon.
  5314 | D:6      | Found a basalt altar of Yredelemnul.
  5315 | D:6      | Found a hazy altar of Hepliaklqana.
  5317 | D:6      | Found a glowing silver altar of Zin.
  5318 | D:6      | Found an opulent altar of Gozag.
  5625 | D:6      | Found a glowing golden altar of the Shining One.
  5782 | D:7      | Reached skill level 11 in Long Blades
  5782 | D:7      | Gained mutation: You are powered by pain. [demonic
                  | ancestry]
  5782 | D:7      | Reached XP level 9. HP: 30/61 MP: 9/9
  6706 | D:8      | Reached skill level 12 in Long Blades
  7596 | Temple   | Entered the Ecumenical Temple
  7756 | Temple   | Became a worshipper of the Wu Jian Council
  8032 | D:9      | Noticed a four-headed hydra
  8056 | D:10     | Entered Level 10 of the Dungeon
  8187 | D:10     | Reached skill level 13 in Long Blades
  8194 | D:10     | Reached XP level 10. HP: 52/67 MP: 10/10
  8336 | D:10     | Noticed a two-headed ogre
  8340 | D:10     | HP: 2/67 [two-headed ogre/cursed -2 giant club (17)]
  8345 | D:10     | Mangled by a two-headed ogre

Skill      XL: |  1  2  3  4  5  6  7  8  9 |
---------------+----------------------------+-----
Long Blades    | 3 4 5 6 7 9 11 13 | 13.1
Fighting       | |  2.0
Throwing       | |  1.7
Dodging        | |  2.6

Action                   |  1- 3 |  4- 6 |  7- 9 | 10-12 || total
-------------------------+-------+-------+-------+-------++-------
Melee: Long sword        |    79 |       |       |       ||    79
       Falchion          |     6 |   124 |   333 |    14 ||   477
       Kick              |       |    12 |   125 |     5 ||   142
Invok: Lunge             |       |       |     4 |     2 ||     6
  Use: Scroll            |     1 |       |    13 |       ||    14
       Potion            |       |     3 |       |       ||     3
 Stab: Sleeping          |     1 |       |       |       ||     1
  Eat: Chunk             |     2 |     5 |    10 |       ||    17
       Ration            |       |       |     2 |       ||     2
Armor: Leather armour    |     7 |       |       |       ||     7
       Scale mail        |    24 |    30 |   117 |     3 ||   174
       Skin              |       |    49 |       |       ||    49
Dodge: Dodged            |    70 |    77 |   123 |     4 ||   274
       Rpst.: Long sword |    26 |       |       |       ||    26
       Falchion          |       |    24 |    27 |       ||    51

Levels and vault maps discovered:
D:1:      dpeg_arrival_castle, layout_loops_ring
D:2:      layout_basic, grunt_ministairs_8
D:3:      layout_basic, lemuel_doored_altar, first_ration
D:4:      layout_loops_ring, minmay_temple_entry_grid, uniq_pikel
D:5:      layout_loops_cross, enter_ossuary_1, uniq_ijyb
D:6:      layout_cave_pods, minitemple, basic_altar,
          nicolae_tso_swordbearing_angel
D:7:      layout_cave_pools
D:8:      layout_basic
D:9:      layout_long_grid
D:10:     layout_basic, erik_lair_orcish_takeover, trove_entry_hex_spiral
Temple:   nicolae_temple_figure_eight
